 Dungeon Crawl Stone Soup version 0.28.0-53-g5a82cb258f (webtiles) character file.

Game seed: 5696093813998497059

49 tizbic2 the Cudgeller (level 3, -5/36 HPs)
             Began as a Troll Fighter on Aug 7, 2022.
             Was a Follower of Yredelemnul.
             Slain by a gnoll
             ... wielding a +0 spear
              (9 damage)
             ... on level 2 of the Dungeon.
             The game lasted 00:04:55 (850 turns).

tizbic2 the Cudgeller (Troll Fighter)                Turns: 850, Time: 00:04:55

Health: -5/36      AC:  4    Str: 26    XL:     3   Next: 53%
Magic:  2/2        EV:  8    Int:  4    God:    Yredelemnul [*.....]
Gold:   17         SH:  7    Dex:  9    Spells: 2/2 levels left

rFire   . . .      SeeInvis .   a - +1 flail
rCold   . . .      Faith    .   c - +0 kite shield
rNeg    . . .      Spirit   .   b - +0 robe
rPois   .          Reflect  .   (helmet restricted)
rElec   .          Harm     .   (no cloak)
rCorr   .          Rampage  .   (gloves unavailable)
Will    .....                   (boots unavailable)
Stlth   +.........              (no amulet)
HPRegen 0.92/turn               (no ring)
MPRegen 0.08/turn               (no ring)

@: no status effects
A: large, unfitting armour, claws 3, regeneration 1, shaggy fur 1, tough skin 1
a: Renounce Religion, Recall Undead Harvest


You were on level 2 of the Dungeon.
You worshipped Yredelemnul.
Yredelemnul was noncommittal.
You visited 1 branch of the dungeon, and saw 2 of its levels.

You collected 17 gold pieces.

Inventory:

Hand Weapons
 a - a +1 flail (weapon)
Missiles
 e - 5 boomerangs (quivered)
Armour
 b - a +0 robe (worn)
 c - a +0 kite shield (worn)
Scrolls
 g - a scroll of acquirement {unknown}
 h - a scroll of identify
 i - a scroll of teleportation {unknown}
Potions
 d - a potion of might
 f - a potion of attraction


   Skills:
 + Level 2.9 Fighting
 * Level 3.0 Maces & Flails
 - Level 2.4 Dodging
 - Level 2.4 Shields
 + Level 0.1 Spellcasting
 * Level 0.2 Transmutations


You had 2 spell levels left.
You didn't know any spells.
Your spell library contained the following spells:

 Spells                   Type           Power      Damage    Failure   Level
 Beastly Appendage        Tmut           0%         N/A       77%         1
 Wereblood                Tmut           0%         N/A       88%         2
 Spider Form              Tmut/Pois      0%         N/A       99%         3


Dungeon Overview and Level Annotations

Branches:
Dungeon (2/15)

Altars:
Uskayaw
Yredelemnul


Innate Abilities, Weirdness & Mutations

You are too large for most types of armour.
You have claws for hands.
Your natural rate of healing is unusually fast.
You are covered in fur. (AC +1)
You have tough skin. (AC +1)


Message History

Your spectral endoplasm is destroyed!
You swap places.
You swap places.
Your spectral endoplasm hits the endoplasm.
The endoplasm hits your spectral endoplasm but does no damage.
Your spectral endoplasm barely misses the endoplasm.
The endoplasm hits your spectral endoplasm.
Your spectral endoplasm hits the endoplasm.
The endoplasm dies!
A black mist starts to gather...
The jackal bites your spectral endoplasm.
Something bites your spectral endoplasm but does no damage.
Your spectral endoplasm hits something.
The jackal bites your spectral endoplasm but does no damage.
The jackal bites your spectral endoplasm.
Your spectral endoplasm hits the jackal but does no damage.
The jackal bites your spectral endoplasm but does no damage.
Your spectral endoplasm barely misses the jackal.
The jackal bites your spectral endoplasm but does no damage.
Your spectral endoplasm misses the jackal.
The jackal bites your spectral endoplasm. x2
Your spectral endoplasm is destroyed!
You swap places.
The jackal bites your spectral endoplasm.
The jackal bites your spectral endoplasm.
Your spectral endoplasm misses the jackal.
The jackal bites your spectral endoplasm.
You swap places.
The gnoll barely misses you. The jackal barely misses you.
You sock the jackal!
You kill the jackal!
The gnoll hits you from afar with a +0 spear. x2
The gnoll hits you from afar with a +0 halberd!
* * * LOW HITPOINT WARNING * * *
The gnoll hits you with a +0 spear.
* * * LOW HITPOINT WARNING * * *
You sock the gnoll!
The gnoll is heavily wounded.
The gnoll hits you but does no damage. The gnoll hits you with a +0 spear!
You die...
Your body rises from the dead as a mindless zombie.

.##..#...####....# ##.###.##
<#........##.....#
#...##..#####
...#.............#
#....#..##...
.#.#.......#.....#
#....#..##.##
.#.#.....#<##...##
####.#..##.#
.##.......####.##
###.#..##.# .###.#...## #.#
#......##.## .# ##...##
##.#######......##... .#
##..# #.gg@ZZ..ZZ..........
#........g#######.........>#
#..####...# #......##..#
#... ...#.. ###.##.###.#
###...# #.##.# #.. ##.##
..#### ### #. ##.. #. ###


You could see 3 gnolls, a friendly spectral endoplasm, a friendly rat zombie, a
friendly worm zombie and a friendly dart slug zombie.

Vanquished Creatures
  A gnoll (D:2)
  An adder skeleton (D:2)
  A worm (D:2)
  A dart slug (D:2)
  An endoplasm (D:2)
  3 goblins
  3 jackals (D:2)
  A kobold (D:2)
  A ball python (D:1)
  2 bats (D:1)
  A frilled lizard (D:2)
  2 rats
  A spectral kobold (D:1)
19 creatures vanquished.

Vanquished Creatures (collateral kills)
  A ball python (D:1)
  2 endoplasms (D:2)
  A goblin (D:1)
  A quokka (D:1)
  5 bats
  2 frilled lizards
12 creatures vanquished.

Vanquished Creatures (others)
  2 bat zombies
  2 jackal zombies (D:2)
  2 spectral endoplasms (D:2)
6 creatures vanquished.

Grand Total: 37 creatures vanquished

Notes
Turn   | Place    | Note
-------+----------+-------------------------------------------
     0 | D:1      | tizbic2 the Troll Fighter began the quest for the Orb.
     0 | D:1      | Reached XP level 1. HP: 22/22 MP: 0/0
    37 | D:1      | Reached skill level 2 in Maces & Flails
   160 | D:1      | Found a faded altar of an unknown god.
   168 | D:1      | Prayed at the altar of an unknown god.
   168 | D:1      | Became a worshipper of Yredelemnul the Dark
   168 | D:1      | Reached * piety under Yredelemnul
   213 | D:1      | Reached XP level 2. HP: 28/29 MP: 1/1
   434 | D:1      | Found a hide-covered altar of Uskayaw.
   688 | D:2      | Reached XP level 3. HP: 34/36 MP: 2/2
   830 | D:2      | Reached skill level 3 in Maces & Flails
   850 | D:2      | Slain by a gnoll

Illustrated notes

Levels and vault maps discovered:
D:1:      evilmike_arrival_hilbert_curve, layout_basic,
          dreamdust_ecumenical_altar_drowned_temple, kennysheep_small_spiral,
          kennysheep_flooded_box
D:2:      minmay_angry_zag, layout_loops_ring

Skill      XL: |  1  2  3 |
---------------+----------+-----
Maces & Flails | 2 3 |  3.0
Fighting       | |  2.9
Dodging        | |  2.4
Shields        | |  2.4
Spellcasting   | |  0.1
Transmutations | |  0.2

Action                   || total
-------------------------++-------
Melee: Club              ||    16
       Flail             ||    48
  Use: Scroll            ||     3
 Stab: Distracted        ||     1
Armor: Robe              ||    40
Dodge: Dodged            ||    42
Block: Kite shield       ||    30
